 Dungeon Crawl Stone Soup version 0.30-a0-613-gdd512c7efb (webtiles) character file.

Game seed: 12483902954016902680

11127 drugrobin the Black Belt (level 11, -12/81 HPs)
             Began as a Demigod Delver on Jan 9, 2023.
             Mangled by a large abomination (32 damage)
             ... on level 1 of the Abyss.
             The game lasted 00:43:04 (11440 turns).

drugrobin the Black Belt (Demigod Delver)          Turns: 11440, Time: 00:43:05

Health: -12/81     AC:  7    Str: 16 (20) XL:     11   Next: 22%
Magic:  17/17      EV: 16    Int:  5 (8)  God:
Gold:   201        SH:  0    Dex: 34 (35) Spells: 9/14 levels left

rFire   x x .      SeeInvis .      - Unarmed
rCold   + . .      Faith    .    C - +2 buckler
rNeg    . . .      Spirit   .    N - +3 ring mail "Hiameg" {rC+ Str+3}
rPois   .          Reflect  .    (no helmet)
rElec   .          Harm     .    g - +0 cloak
rCorr   .          Rampage  +    (no gloves)
Will    +....      Rage     9%   W - +0 pair of boots {rampage}
Stlth   +                        m - amulet of regeneration
HPRegen 1.13/turn                j - +6 ring of dexterity
MPRegen 0.15/turn                V - +6 ring of dexterity

@: confused, studying Ranged Weapons, unable to drink
A: high MP 1, forlorn, divine attributes, devolution 1, [berserk 2], [deformed
body], [deterioration 2], [dopey 2], [screaming 2], [heat vulnerability 2],
[inability to drink after injury 2]
a: no special abilities


You were on level 1 of the Abyss.
You visited 1 branch of the dungeon, and saw 12 of its levels.
You visited the Abyss 1 time.

You collected 789 gold pieces.
You spent 588 gold pieces at shops.

Inventory:

Hand Weapons
 c - a +1 dagger of draining
Missiles
 h - 10 boomerangs (quivered)
 F - 3 curare-tipped darts
 K - 7 poisoned darts
 T - 2 throwing nets
Armour
 b - the +1 robe of Happy Babbling {Fly rPois rN++ Will-}
   (You found it on level 10 of the Dungeon)

   rPois:     It protects you from poison.
   rN:        It greatly protects you from negative energy.
   Fly:       It grants you flight.
   Will:      It decreases your willpower.
 g - a +0 cloak (worn)
 v - a +1 robe of willpower
 C - a +2 buckler (worn)
 H - a +2 leather armour of fire resistance
 N - the +3 ring mail "Hiameg" (worn) {rC+ Str+3}
   (You found it on level 7 of the Dungeon)

   Str:       It affects your strength (+3).
   rC:        It protects you from cold.
 S - +0 acid dragon scales
 W - a +0 pair of boots of rampaging (worn)
Jewellery
 j - a +6 ring of dexterity (left hand)
 l - a ring of willpower
 m - an amulet of regeneration (around neck)
 r - a ring of protection from fire
 t - a +4 ring of protection
 x - a ring of flight
 J - a ring of willpower
 V - a +6 ring of dexterity (right hand)
Wands
 f - a wand of digging (11)
 R - a wand of paralysis (9)
 Y - a wand of polymorph (3)
Scrolls
 a - a scroll of torment
 d - 2 scrolls of fear
 i - 2 scrolls of blinking
 n - 2 scrolls of teleportation
 q - 3 scrolls of amnesia
 u - 3 scrolls of poison
 w - 4 scrolls of enchant armour
 y - a scroll of enchant weapon
 A - 3 scrolls of vulnerability
 B - 5 scrolls of fog
 G - 3 scrolls of magic mapping
 I - 4 scrolls of immolation
 L - a scroll of summoning
 M - 2 scrolls of brand weapon
 X - a scroll of identify
Potions
 e - 5 potions of haste
 k - 2 potions of brilliance
 o - 5 potions of lignification
 p - 4 potions of mutation
 s - a potion of berserk rage
 z - a potion of ambrosia
 D - 3 potions of invisibility
 E - 2 potions of flight
 O - a potion of cancellation
 P - 2 potions of heal wounds
 Q - 3 potions of attraction
 U - a potion of curing


   Skills:
 - Level 2.6 Fighting
 + Level 5.8 Dodging
 - Level 4.5 Stealth
 + Level 15.4 Unarmed Combat
 - Level 2.0 Spellcasting
 - Level 1.2 Translocations


You had 9 spell levels left.
You knew the following spells:

 Your Spells              Type           Power      Damage    Failure   Level
a - Blink                 Tloc           2%         N/A       71%         2
b - Momentum Strike       Conj/Tloc      2%         3d8       80%         2
c - Summon Small Mammal   Summ           0%         N/A       75%         1

Your spell library contained the following spells:

 Spells                   Type           Power      Damage    Failure   Level
 Cigotuvi's Dreadful Rot  Necr/Pois/Air  0%         N/A       87%         2
 Poisonous Vapours        Pois/Air       0%         N/A       87%         2
 Gell's Gravitas          Tloc           1%         N/A       91%         3
 Lesser Beckoning         Tloc           2%         N/A       91%         3
 Teleport Other           Tloc           1%         N/A       91%         3
 Hailstorm                Conj/Ice       0%         3d3       98%         3
 Mephitic Cloud           Conj/Pois/Air  0%         N/A       98%         3
 Freezing Cloud           Conj/Ice/Air   0%         6-21      100%        5
 Summon Horrible Things   Summ           0%         N/A       100%        8


Dungeon Overview and Level Annotations

Branches:
Dungeon (12/15)            Temple (0/1) D:5            Lair (0/5) D:9
    Orc (0/2) D:9

Shops:
D:4 [   D:7 *   D:12 *

Annotations:
D:8 Erica
D:9 exclusion: upstairs
D:11 Erolcha
D:12 Psyche


Innate Abilities, Weirdness & Mutations

You have an increased reservoir of magic. (+10% MP)
You shall have no god before yourself.
Your divine heritage dramatically boosts your attributes as you level up.
You have hidden genetic defects.
[You have an uncontrollable temper.]
[Armour fits poorly on your strangely shaped body.]
[Your body often deteriorates upon taking damage.]
[You are very dopey. (Int -4)]
[You frequently scream uncontrollably at your foes.]
[You are very vulnerable to heat. (rF--)]
[You sometimes lose the ability to drink potions when taking damage.]


Message History

You are more confused.
The swamp drake disappears in a puff of smoke!
The worldbinder hits you but does no damage.
The worldbinder closely misses you.
The worldbinder hits you but does no damage.
The worldbinder barely misses you.
Unknown command.
Unknown command.
Unknown command.
Unknown command.
You are engulfed in noxious fumes.
You choke on the stench!
You are more confused.
Unknown command.
Unknown command.
Unknown command.
Unknown command.
Unknown command.
Unknown command.
You bump into the rock wall.
The worldbinder barely misses you. The worldbinder closely misses you.
Unknown command.
Unknown command.
Unknown command.
Unknown command.
Unknown command.
The worldbinder calls forth creatures from the Swamp! x2
Unknown command.
Unknown command.
Unknown command.
Unknown command.
Unknown command.
You cannot drink potions in your current state!
Unknown command.
You are too confused!
You hit the large abomination.
The large abomination is lightly damaged.
The bog body disappears in a puff of smoke!
The swamp drake disappears in a puff of smoke!
The large abomination hits you!!
You die...

#. . .# .#.
#.# ## ## ...#
.. ..## #...
#..#. ..... #
..# #.○°##..#.
.# #....#°°.#
.#.#
#..#.°°°##...#
#..####...# #.
#k§xX@#
#.##.##§### #
#.. #.°## ##
..#.. ........
#.### .#..# ..
.# .# ##. . #
. .#


You could see a large abomination, a worldbinder and a swamp drake (summoned).

Vanquished Creatures
  The ghost of gabagool the Destroyer, a novice OpCj of Gozag (D:6)
  A cyclops (D:12)
  A gargoyle (D:12)
  The ghost of Dordric the Slasher, a novice DjWr (D:3)
  A rime drake (D:9)
  An unseen horror (D:10)
  A polar bear (D:8)
  2 trolls
  2 large abominations (Abyss:1)
  A hornet (D:9)
  An ettin zombie (Abyss:1)
  3 slime creatures (D:11)
  A spriggan (shapeshifter) (Abyss:1)
  A shadow (D:12)
  2 wyverns
  2 wraiths
  A chaos spawn (Abyss:1)
  3 neqoxecs (Abyss:1)
  A basilisk (D:11)
  A steam dragon (D:8)
  2 vampire mosquitoes (D:11)
  3 wargs (D:9)
  4 acid dragons
  6 ice beasts
  5 sky beasts
  An orc warrior (D:9)
  3 black bears
  2 ogres
  3 centaurs
  A wolf (D:8)
  A phantom (D:6)
  2 kobold brigands (D:7)
  3 bullfrogs
  5 necrophages
  2 gnoll sergeants
  2 scorpions
  A wight (D:4)
  3 killer bees
  4 howler monkeys
  5 hounds
  3 quasits
  5 jellies
  5 orc priests
  2 gnoll boudas
  An iron imp (Abyss:1)
  Jessica (D:2)
  Natasha (D:3)
  3 iguanas
  12 orc wizards
  11 gnolls
  7 adders
  2 river rats (D:3)
  A shadow imp (D:6)
  2 white imps
  4 ufetubi
  3 worms
  3 dart slugs
  30 orcs
  10 ball pythons
  7 bats
  10 endoplasms
  15 giant cockroaches
  2 goblins
  A hobgoblin (D:4)
  4 jackals (D:2)
  18 kobolds
  6 quokkas
  A frilled lizard (D:1)
  8 rats (D:1)
  A starspawn tentacle (Abyss:1)
265 creatures vanquished.

Vanquished Creatures (others)
  10 starspawn tentacles (Abyss:1)
10 creatures vanquished.

Grand Total: 275 creatures vanquished

Notes
Turn   | Place    | Note
-------+----------+-------------------------------------------
     0 | D:5      | drugrobin the Demigod Delver began the quest for the Orb.
     0 | D:5      | Reached XP level 1. HP: 18/18 MP: 3/3
    35 | D:5      | Reached skill level 2 in Unarmed Combat
   164 | D:5      | Noticed an ogre
   238 | D:4      | Noticed a hound
   246 | D:4      | Killed a hound
   247 | D:4      | Reached skill level 3 in Unarmed Combat
   247 | D:4      | Reached XP level 2. HP: 25/25 MP: 4/4
   247 | D:4      | Reached XP level 3. HP: 30/30 MP: 5/5
   304 | D:4      | Found Evviqowa's Antique Armour Shoppe.
   588 | D:3      | Found a runed translucent door.
   663 | D:3      | Reached skill level 4 in Unarmed Combat
   762 | D:3      | Reached XP level 4. HP: 35/37 MP: 6/6
   811 | D:3      | Noticed Natasha
  1675 | D:2      | Noticed Jessica
  1706 | D:2      | Killed Jessica
  1707 | D:2      | Reached skill level 5 in Unarmed Combat
  1707 | D:2      | Reached XP level 5. HP: 42/42 MP: 7/7
  1811 | D:2      | Learned a level 2 spell: Blink
  1814 | D:2      | Learned a level 2 spell: Momentum Strike
  2227 | D:3      | Found a runed translucent door.
  2229 | D:3      | Noticed Dordric's ghost (novice DjWr)
  2291 | D:3      | Killed Natasha
  2515 | D:4      | Noticed an ice beast
  2538 | D:4      | Killed an ice beast
  2539 | D:4      | Reached skill level 6 in Unarmed Combat
  2743 | D:4      | Reached XP level 6. HP: 49/50 MP: 8/8
  3095 | D:4      | Reached skill level 7 in Unarmed Combat
  3298 | D:5      | Reached XP level 7. HP: 53/56 MP: 9/9
  3669 | D:5      | Found a staircase to the Ecumenical Temple.
  3712 | D:4      | Reached skill level 8 in Unarmed Combat
  4101 | D:5      | Reached skill level 1 in Translocations
  4363 | D:5      | Reached skill level 9 in Unarmed Combat
  4414 | D:5      | Reached XP level 8. HP: 62/62 MP: 7/10
  4616 | D:6      | Found a transporter.
  4620 | D:6      | Noticed gabagool's ghost (novice OpCj)
  4674 | D:6      | Found a transporter.
  4821 | D:6      | Reached skill level 10 in Unarmed Combat
  5478 | D:6      | Noticed a troll
  5500 | D:6      | Killed a troll
  5501 | D:6      | Reached skill level 11 in Unarmed Combat
  5636 | D:7      | Reached XP level 9. HP: 68/68 MP: 8/11
  5660 | D:7      | Found Ocuo's Island Escapes.
  6240 | D:7      | Identified the +3 ring mail "Hiameg" {rC+ Str+3}
  6440 | D:7      | Reached skill level 12 in Unarmed Combat
  6665 | D:7      | Bought a potion of invisibility for 104 gold pieces
  6665 | D:7      | Bought a potion of flight for 39 gold pieces
  6665 | D:7      | Bought a scroll of blinking for 97 gold pieces
  7243 | D:8      | Found The Oracle's Delphic Readings.
  7543 | D:8      | Noticed Erica
  7601 | D:9      | Found a staircase to the Orcish Mines.
  7869 | D:9      | Identified the +4 ring mail "Wufy" {Regen+}
  7984 | D:9      | Reached skill level 13 in Unarmed Combat
  8037 | D:9      | Reached XP level 10. HP: 74/74 MP: 13/13
  8207 | D:9      | Found a staircase to the Lair.
  8414 | D:9      | Reached skill level 14 in Unarmed Combat
  8785 | D:4      | Bought a distressingly furry leather armour for 168 gold
                  | pieces
  8785 | D:4      | Identified the +0 leather armour of the Hot Ocelot {Will+}
                  | (You bought it in a shop on level 4 of the Dungeon)
  8785 | D:4      | Bought a pair of runed boots for 180 gold pieces
  8887 | D:3      | Killed Dordric's ghost
  9049 | D:6      | Killed gabagool's ghost
  9195 | D:10     | Entered Level 10 of the Dungeon
  9476 | D:10     | Identified the +1 robe of Happy Babbling {Fly rPois rN++
                  | Will-}
  9697 | D:10     | Got the Incunable of the Supportive Chill
  9700 | D:10     | Learned a level 1 spell: Summon Small Mammal
 10179 | D:11     | Noticed Erolcha
 10245 | D:11     | Reached skill level 1 in Spellcasting
 10317 | D:11     | Reached skill level 15 in Unarmed Combat
 10385 | D:12     | Identified the +0 ring mail "Ahiffuix" {rC+}
 10483 | D:12     | Reached XP level 11. HP: 66/81 MP: 15/17
 10623 | D:12     | Reached skill level 5 in Dodging
 10685 | D:12     | Found Fanib's General Store.
 10690 | D:12     | Noticed Psyche
 10693 | Abyss:1  | Cast into level 1 of the Abyss (Psyche)
 10788 | Abyss:1  | Noticed a starcursed mass
 10788 | Abyss:1  | Noticed a great orb of eyes
 10827 | Abyss:1  | Noticed a tentacled starspawn
 10835 | Abyss:1  | Gained mutation: You have hidden genetic defects. [a
                  | neqoxec]
 10856 | Abyss:1  | Noticed a wretched star
 11012 | Abyss:1  | Noticed a tentacled starspawn
 11014 | Abyss:1  | Noticed a dread lich
 11015 | Abyss:1  | Noticed a Hell Sentinel
 11122 | Abyss:1  | Noticed a starcursed mass
 11187 | Abyss:1  | Noticed a thrashing horror
 11246 | Abyss:1  | Noticed a wretched star
 11255 | Abyss:1  | Noticed a thrashing horror
 11344 | Abyss:1  | Noticed a large abomination
 11375 | Abyss:1  | Noticed a death knight
 11393 | Abyss:1  | Noticed a wretched star
 11432 | Abyss:1  | Noticed a large abomination
 11436 | Abyss:1  | Noticed a bog body
 11440 | Abyss:1  | Mangled by a large abomination

Illustrated notes

Levels and vault maps discovered:
D:1:      onia_arrival_handbag, layout_basic, minmay_tall_x
D:2:      layout_rooms, uniq_jessica
D:3:      minmay_roachtagon, layout_loops_cross, ebering_ghost_sewer_f,
          uniq_natasha
D:4:      layout_basic, nicolae_vehumet_altar_sigil, serial_shops, shop,
          minmay_manual_mail
D:5:      layout_loops_corners, minmay_temple_entry_trees, grunt_tough_drop
D:6:      layout_loops_cross, gammafunk_ghost_stat_death
D:7:      layout_basic, grunt_temple_overflow_diamond, nicolae_island_escapes
D:8:      minmay_octagon_keep, layout_layer_cave,
          nicolae_overflow_two_pavilions, nicolae_nh_oracle_at_delphi,
          uniq_erica
D:9:      layout_long_grid, hellmonk_okawaru_the_only_friend_you_need,
          nicolae_gozag_cash_rules_everything_around_me,
          hellmonk_lair_entry_icy, minmay_orc_entry_guard_dogs,
          kennysheep_generic_room_9
D:10:     layout_irregular_city, minmay_misc_feat_tower
D:11:     layout_cross, uniq_erolcha
D:12:     layout_loops_ring, serial_shops, shop, eino_tiny_chamber, uniq_psyche
Abyss:1:  base: D:5, eino_small_chamber_without_monster,
          hangedman_abyss_or_decor_slice, hangedman_abyss_or_decor_slice

Skill      XL: |  1  2  3  4  5  6  7  8  9 10 11 |
---------------+----------------------------------+-----
Unarmed Combat | 3 4 5 6 7 9 11 13 15 | 15.4
Translocations | 1 |  1.2
Dodging        | 4 5 |  5.8
Spellcasting   | 2 |  2.0
Fighting       | |  2.6
Stealth        | |  4.5

Action                   |  1- 3 |  4- 6 |  7- 9 | 10-12 || total
-------------------------+-------+-------+-------+-------++-------
Melee: Unarmed           |    75 |   249 |   451 |   321 ||  1096
       Punch             |     2 |    13 |     5 |       ||    20
Throw: Boomerang         |     4 |    53 |   122 |    20 ||   199
       Dart              |       |       |     2 |     6 ||     8
 Cast: Momentum Strike   |       |    10 |     7 |       ||    17
       Blink             |       |       |     9 |       ||     9
       Summon Small Mamm |       |       |       |     2 ||     2
Evoke: Wand              |       |       |     1 |     1 ||     2
  Use: Scroll            |     1 |     7 |     2 |    13 ||    23
       Potion            |     1 |       |       |     1 ||     2
 Stab: Sleeping          |     4 |     5 |     1 |       ||    10
       Distracted        |       |       |       |     2 ||     2
Armor: Leather armour    |    29 |    10 |    41 |       ||    80
       Skin              |     3 |       |       |       ||     3
       Plate armour      |       |    79 |       |       ||    79
       Chain mail        |       |    25 |     2 |       ||    27
       Robe              |       |    33 |    40 |       ||    73
       Ring mail         |       |       |    71 |   105 ||   176
       Acid dragon scale |       |       |       |     3 ||     3
Dodge: Dodged            |    51 |    91 |   210 |   188 ||   540
Block: Buckler           |       |       |   102 |   117 ||   219

Table legend: (Time is in decaauts)
 A = Elapsed time spent in this place.
 B = Non-inter-level travel time spent in this place.
 C = Inter-level travel time spent in this place.
 D = Time resting spent in this place.
 E = Time spent auto-exploring this place.
 F = Levels seen in this place.
 G = Mean time per level.
                   A        B        C        D        E       F      G
               +--------+--------+--------+--------+--------+-----+--------+
         Total |  11392 |  10547 |    845 |    413 |   5986 |  13 |  876.3 |
       Dungeon |  10649 |   9804 |    845 |    366 |   5914 |  12 |  887.4 |
         Abyss |    742 |    742 |      0 |     47 |     72 |   1 |  742.0 |
               +--------+--------+--------+--------+--------+-----+--------+

Top non-repeatable levels by time:
     D:5: 1410 daAuts
     D:4: 1354 daAuts
     D:9: 1198 daAuts
     D:6: 1133 daAuts
     D:7: 1109 daAuts
     D:3: 890 daAuts
     D:8: 877 daAuts
    D:10: 805 daAuts
 Abyss:1: 742 daAuts
     D:1: 696 daAuts
     D:2: 500 daAuts
    D:11: 349 daAuts
    D:12: 324 daAuts
